[Event "Titled Tuesday Blitz April 11 Late 2023"]
[White "Eljanov, Pavel"]
[Black "Erzhanov, Arman"]
[WhiteFideId "14102951"]
[BlackFideId "4138821"]
[WhiteElo "2598"]
[BlackElo "2138"]
[Result "1-0"]
[Round "01"]
[TimeControl "180+2"]
[Date "2023.04.11"]
[WhiteClock "0:00:10"]
[BlackClock "0:00:02"]

1. e4 d6 2. d4 Nf6 3. Nc3 e5 4. Nf3 Nbd7 5. h3 Be7 6. g4 O-O 7. Be3 exd4 8. Nxd4 Nc5 9. Qf3 Re8 10. O-O-O Bf8 11. Bd3 c6 12. Kb1 Qa5 13. g5 Nfd7 14. Qg2 Ne5 15. Be2 Na4 16. Nxa4 Qxa4 17. f4 Nc4 18. Bc1 Qb4 19. c3 Qa4 20. h4 Be6 21. f5 Ne3 22. Bxe3 Bxa2+ 23. Kc1 c5 24. Nb5 Bb3 25. Na3 Bxd1 26. Bxd1 Qxe4 27. Qxe4 Rxe4 28. Bd2 d5 29. Bf3 Re5 30. f6 Rf5 31. Bg4 Re5 32. Nc2 Rd8 33. Bf4 Re4 34. Rf1 Bd6 35. Bxd6 Rxd6 36. Bf3 Rf4 37. fxg7 Kxg7 38. Kd2 Rxh4 39. Ne3 Rh2+ 40. Kc1 Rd7 41. Bxd5 Rh3 42. Nf5+ Kg6 43. c4 Kxg5 44. Ng7 Kg6 45. Rg1+ Kf6 46. Ne8+ Ke7 47. Re1+ Kf8 48. Nf6 Rh2 49. Nxd7+ Kg7 50. Rg1+ Kh6 51. Ne5 Rh5 52. Nxf7# 1-0


[Site "https://www.chess.com"]

[Event "Titled Tuesday Blitz April 11 Late 2023"]
[White "Dauner, Benedikt"]
[Black "Grigoriants, Sergey"]
[WhiteFideId "16225899"]
[BlackFideId "4130804"]
[WhiteElo "2205"]
[BlackElo "2502"]
[Result "0-1"]
[Round "01"]
[TimeControl "180+2"]
[Date "2023.04.11"]
[WhiteClock "0:00:00"]
[BlackClock "0:00:00"]

1. e4 c5 2. Nc3 e6 3. Nf3 Nc6 4. d4 cxd4 5. Nxd4 Nf6 6. Nxc6 bxc6 7. e5 Nd5 8. Ne4 Qc7 9. f4 Bb7 10. a3 c5 11. Nd6+ Bxd6 12. exd6 Qb6 13. c4 Nf6 14. Be2 Ne4 15. Bf3 Nxd6 16. Bxb7 Nxb7 17. O-O Nd6 18. Qc2 O-O 19. Be3 Qc6 20. Rac1 a5 21. Qf2 Rac8 22. Rfd1 Nf5 23. Bd2 a4 24. Bc3 f6 25. g4 Ne7 26. f5 d5 27. cxd5 Nxd5 28. Qg2 Qb6 29. fxe6 Ne3 30. Qe2 Nxd1 31. Rxd1 Rfe8 32. e7 Rc7 33. Rd8 Kf7 34. Qc4+ Kxe7 35. Rxe8+ Kxe8 36. Qg8+ Kd7 37. Qxg7+ Kc8 38. Qf8+ Kb7 39. Bxf6 Qe6 40. Bc3 Qxg4+ 41. Kh1 Qe4+ 42. Kg1 Qg6+ 43. Kh1 Rf7 44. Qe8 Rf1# 0-1


[Site "https://www.chess.com"]

[Event "Titled Tuesday Blitz April 11 Late 2023"]
[White "Ibarra Jerez, Jose Carlos"]
[Black "Skawinski, Arkadiusz"]
[WhiteFideId "2226332"]
[BlackFideId "1126415"]
[WhiteElo "2638"]
[BlackElo "2248"]
[Result "1/2-1/2"]
[Round "01"]
[TimeControl "180+2"]
[Date "2023.04.11"]
[WhiteClock "0:00:00"]
[BlackClock "0:00:00"]

1. e4 e6 2. d4 d5 3. Nc3 Bb4 4. e5 c5 5. Qg4 Ne7 6. dxc5 Bxc3+ 7. bxc3 Ng6 8. Nf3 Nd7 9. Qg3 Nxc5 10. Bd3 Nxd3+ 11. cxd3 Qc7 12. O-O O-O 13. Ba3 Re8 14. Rfc1 f6 15. Bd6 Qf7 16. Re1 f5 17. h4 b6 18. Ng5 Qd7 19. h5 Nh8 20. h6 g6 21. a4 Ba6 22. a5 b5 23. Rab1 Bb7 24. d4 Rac8 25. Bc5 a6 26. Re3 Nf7 27. Nxf7 Qxf7 28. Qh4 Rxc5 29. dxc5 Rc8 30. Rbe1 Kf8 31. Qf6 Rxc5 32. Qd8+ Qe8 33. Qb6 Qc6 34. Qa7 Rc4 35. Qb8+ Bc8 36. Rd1 Qc7 37. Qxc7 Rxc7 38. Rd4 Kf7 39. f4 Rc5 40. Kf2 Bd7 41. Kg3 Rc7 42. Kh4 Rc5 43. Kg5 Rc7 44. g4 fxg4 45. Kxg4 Rc8 46. Kg5 Rc7 47. Rb4 Rc8 48. Rd4 Rc7 49. Rg3 Rc8 50. Kh4 Bc6 51. Kg5 Rc7 52. Re3 Bd7 1/2-1/2


[Site "https://www.chess.com"]

[Event "Titled Tuesday Blitz April 11 Late 2023"]
[White "Reprintsev, Alexander"]
[Black "Licznerski, Lukasz"]
[WhiteFideId "14100541"]
[BlackFideId "1179250"]
[WhiteElo "2211"]
[BlackElo "2450"]
[Result "0-1"]
[Round "01"]
[TimeControl "180+2"]
[Date "2023.04.11"]
[WhiteClock "0:00:06"]
[BlackClock "0:00:02"]

1. e4 c6 2. Nc3 d5 3. Nf3 Bg4 4. h3 Bh5 5. exd5 cxd5 6. g4 Bg6 7. Ne5 Nc6 8. d4 e6 9. h4 f6 10. Nxg6 hxg6 11. Bf4 Bd6 12. Qd2 Nge7 13. O-O-O Kf7 14. h5 g5 15. Bxd6 Qxd6 16. Ne2 Rac8 17. Kb1 Qb4 18. c3 Qb6 19. f4 gxf4 20. Nxf4 Na5 21. Re1 Rc6 22. Ng6 Rh6 23. Nxe7 Kxe7 24. g5 fxg5 25. Qxg5+ Kf8 26. Rh3 Rd6 27. b4 Nc6 28. a3 Qd8 29. Qf4+ Rf6 30. Qe3 Ne7 31. Bd3 Ng8 32. Rg3 Nh6 33. Reg1 Rd7 34. Rg6 Rdf7 35. Kb2 Qd6 36. Bc2 Qh2 37. Rxf6 Rxf6 38. Qg5 Nf5 39. Rg2 Qh4 40. Qd2 Qxh5 41. Qf4 Qe8 42. Rh2 Kg8 43. Qe5 Rh6 44. Rxh6 Nxh6 45. c4 dxc4 46. Be4 Nf7 47. Qc7 b5 48. Qxa7 Nd6 49. Bc2 Qf8 50. Qc5 Qe7 51. Qe5 Kf7 52. Qf4+ Ke8 53. Qg4 Kd7 54. Qg2 Qf6 55. Qg4 Kc7 56. a4 bxa4 57. Ka3 Qxd4 58. Qg2 Qa1# 0-1


[Site "https://www.chess.com"]

[Event "Titled Tuesday Blitz April 11 Late 2023"]
[White "Papayan, Oleg"]
[Black "Makarian, Rudik"]
[WhiteFideId "4193911"]
[BlackFideId "44105681"]
[WhiteElo "2153"]
[BlackElo "2430"]
[Result "0-1"]
[Round "01"]
[TimeControl "180+2"]
[Date "2023.04.11"]
[WhiteClock "0:00:01"]
[BlackClock "0:00:56"]

1. e4 c5 2. d4 cxd4 3. Qxd4 Nc6 4. Qd3 g6 5. Nc3 Bg7 6. Nf3 d6 7. Be2 Nf6 8. O-O O-O 9. Nd5 Bg4 10. c3 Rb8 11. Bg5 Nd7 12. Rad1 b5 13. a3 a5 14. h3 Bxf3 15. Qxf3 b4 16. axb4 axb4 17. Qg3 bxc3 18. bxc3 h6 19. Bc1 Nb6 20. Qh4 Kh7 21. Rd3 Ne5 22. Rg3 e6 23. Qxd8 Rfxd8 24. Nxb6 Rxb6 25. Be3 Rc6 26. Bd4 Nd7 27. Bb5 Rc7 28. Rd1 Bxd4 29. Rxd4 Nc5 30. f4 Rb8 31. Bf1 Rb1 32. Rxd6 Nxe4 33. Rdd3 Nxg3 34. Rxg3 Rc1 35. c4 R7xc4 36. Rf3 R4c3 37. Rf2 Rb3 38. Kh2 Rbb1 39. Bd3 Ra1 40. h4 Kg7 41. Rb2 Rh1+ 42. Kg3 Ra3 43. Rd2 Rc1 44. Kf2 h5 45. Be4 Rcc3 46. Bf3 Kf6 47. Rd7 Ra2+ 48. Kg3 Rac2 49. Ra7 Rc7 50. Ra5 R2c5 51. Ra8 e5 52. Ra6+ Kg7 53. fxe5 Rxe5 54. Rb6 Re6 55. Rb8 Kf6 56. Rb5 Rce7 57. Ra5 Re5 58. Ra6+ R7e6 59. Ra8 Kg7 60. Ra7 Rb5 61. Rc7 Rd6 62. Re7 Rd4 63. Kf2 Rxh4 64. Ra7 Rhb4 65. Kg3 Rg5+ 0-1


[Site "https://www.chess.com"]

[Event "Titled Tuesday Blitz April 11 Late 2023"]
[White "Kravtsiv, Martyn"]
[Black "Sreyas Payyappat"]
[WhiteFideId "14113147"]
[BlackFideId "46674969"]
[WhiteElo "2695"]
[BlackElo "2083"]
[Result "0-1"]
[Round "01"]
[TimeControl "180+2"]
[Date "2023.04.11"]
[WhiteClock "0:00:00"]
[BlackClock "0:00:01"]

1. e4 c6 2. Nf3 d5 3. d3 dxe4 4. dxe4 Qxd1+ 5. Kxd1 Bg4 6. Be2 Nd7 7. Nbd2 e5 8. Ne1 Bxe2+ 9. Kxe2 O-O-O 10. Nd3 Bd6 11. Nc4 Bc7 12. a4 Ne7 13. f3 Rde8 14. Rd1 f5 15. Bg5 Rhf8 16. a5 Ng6 17. Be3 fxe4 18. fxe4 Nf4+ 19. Bxf4 exf4 20. Kf3 g5 21. Nf2 h5 22. h3 Nf6 23. a6 g4+ 24. hxg4 hxg4+ 25. Nxg4 Nxg4 26. axb7+ Kxb7 27. Kxg4 Rxe4 28. Nd2 Re3 29. Nf3 Rg8+ 30. Kh3 Re2 31. Rd2 Rg3+ 32. Kh2 Rgxg2+ 33. Kh1 Rxd2 0-1


[Site "https://www.chess.com"]

[Event "Titled Tuesday Blitz April 11 Late 2023"]
[White "Ladan, Nicholas"]
[Black "Kevlishvili, Robby"]
[WhiteFideId "30918855"]
[BlackFideId "1040634"]
[WhiteElo "2167"]
[BlackElo "2572"]
[Result "0-1"]
[Round "01"]
[TimeControl "180+2"]
[Date "2023.04.11"]
[WhiteClock "0:00:00"]
[BlackClock "0:00:00"]

1. d4 Nf6 2. Nf3 g6 3. Nbd2 d5 4. e3 a5 5. c4 Bg7 6. cxd5 Nxd5 7. Bc4 O-O 8. O-O Nc6 9. a3 a4 10. Ba2 Nb6 11. Ne4 e5 12. dxe5 Nxe5 13. Nd4 Qe7 14. Bd2 c5 15. Ne2 Bf5 16. N2g3 Bg4 17. Qc2 Rac8 18. Bc3 h5 19. h3 Be6 20. Bxe6 Qxe6 21. Rad1 Rfd8 22. Rxd8+ Rxd8 23. Rd1 Rxd1+ 24. Qxd1 Ned7 25. Bxg7 Kxg7 26. Qd6 Qxd6 27. Nxd6 c4 28. Nge4 Ne5 29. Nd2 Kf6 30. f4 Nd3 31. N6xc4 Nxc4 32. Nxc4 Ke6 33. Kf1 b5 34. Ne5 Nxb2 35. Ke2 Kd5 36. Nd3 Nc4 37. Nb4+ Ke4 38. Nc2 f6 39. g4 h4 40. Nb4 Nxa3 41. Na2 Nb1 42. g5 fxg5 43. fxg5 a3 44. Kf2 Kd3 45. Kf3 Nc3 46. Nb4+ Kc4 47. Nc2 a2 48. e4 b4 49. e5 b3 50. Ne3+ Kc5 51. e6 a1=Q 52. e7 Qa8+ 53. Kg4 Qe4# 0-1


[Site "https://www.chess.com"]

[Event "Titled Tuesday Blitz April 11 Late 2023"]
[White "Zakhartsov, Vladimir"]
[Black "Shapiro, Viktor"]
[WhiteFideId "4145097"]
[BlackFideId "4175700"]
[WhiteElo "2497"]
[BlackElo "2152"]
[Result "1-0"]
[Round "01"]
[TimeControl "180+2"]
[Date "2023.04.11"]
[WhiteClock "0:00:00"]
[BlackClock "0:00:00"]

1. e4 Nf6 2. e5 Nd5 3. d4 d6 4. c4 Nb6 5. exd6 cxd6 6. Nc3 g6 7. Be3 Bg7 8. Rc1 O-O 9. b3 f5 10. Nf3 f4 11. Bd2 Bg4 12. Be2 e5 13. dxe5 dxe5 14. O-O Nc6 15. Ne4 Bf5 16. Qc2 g5 17. Bc3 g4 18. Nfd2 Rc8 19. Rfe1 Qe7 20. Bf1 Kh8 21. Qb2 Rfe8 22. c5 Nd5 23. Nd6 Bg6 24. Nxc8 Rxc8 25. Ne4 Nxc3 26. Qxc3 Nd4 27. Nd6 Rc7 28. Qd2 b6 29. b4 bxc5 30. bxc5 Qg5 31. Nb5 Rd7 32. Nxd4 Rxd4 33. Qxd4 exd4 34. c6 h5 35. c7 Bf5 36. Rc5 g3 37. c8=Q+ Bxc8 38. Rxg5 gxf2+ 39. Kxf2 Bd7 40. Re7 Bf6 41. Rxh5+ Kg8 42. Rxd7 1-0


[Site "https://www.chess.com"]

[Event "Titled Tuesday Blitz April 11 Late 2023"]
[White "Gschnitzer, Adrian"]
[Black "Grigorjev, Iljya"]
[WhiteFideId "1270337"]
[BlackFideId "24159565"]
[WhiteElo "2338"]
[BlackElo "2323"]
[Result "1/2-1/2"]
[Round "01"]
[TimeControl "180+2"]
[Date "2023.04.11"]
[WhiteClock "0:00:00"]
[BlackClock "0:00:00"]

1. e4 e5 2. Nf3 Nc6 3. Bc4 Bc5 4. c3 Nf6 5. d3 O-O 6. O-O d6 7. h3 h6 8. Re1 a5 9. d4 Bb6 10. Na3 Re8 11. Be3 exd4 12. Nxd4 Nxe4 13. Nxc6 bxc6 14. Bxb6 cxb6 15. Bxf7+ Kxf7 16. Rxe4 Rxe4 17. Qf3+ Qf6 18. Qxe4 d5 19. Qe3 c5 20. Re1 Bd7 21. Qd3 Bc6 22. Nc2 Re8 23. Rxe8 Kxe8 24. Ne3 Qe6 25. Nf5 Kf7 26. Qf3 Qf6 27. Qf4 Bd7 28. g4 Bxf5 29. gxf5 Qe7 30. Kg2 Qd7 31. Kf3 d4 32. cxd4 cxd4 33. Ke2 Qb5+ 34. Kf3 Qd5+ 35. Qe4 Qc4 36. Qb7+ Kg8 37. Qxb6 Qd3+ 38. Kf4 Qd2+ 39. Kf3 d3 40. Qe6+ Kh8 41. Qe8+ Kh7 42. Qg6+ Kg8 43. Qe8+ Kh7 44. Qg6+ Kh8 45. Qe8+ Kh7 1/2-1/2


[Site "https://www.chess.com"]

[Event "Titled Tuesday Blitz April 11 Late 2023"]
[White "Durarbayli, Vasif"]
[Black "Rios Escobar, Adan"]
[WhiteFideId "13402935"]
[BlackFideId "3403645"]
[WhiteElo "2551"]
[BlackElo "2234"]
[Result "1-0"]
[Round "01"]
[TimeControl "180+2"]
[Date "2023.04.11"]
[WhiteClock "0:00:08"]
[BlackClock "0:00:01"]

1. e4 c5 2. Nf3 d6 3. d4 cxd4 4. Nxd4 Nf6 5. Nc3 a6 6. Be2 e5 7. Nb3 Be6 8. O-O Nbd7 9. f4 Rc8 10. f5 Bc4 11. Bg5 Be7 12. Bxc4 Rxc4 13. Qd3 Rc6 14. Kh1 O-O 15. Rad1 Qc7 16. Nd5 Nxd5 17. exd5 Nc5 18. Qf3 Rb6 19. f6 Bxf6 20. Bxf6 gxf6 21. Qxf6 Ne4 22. Qf5 Rb4 23. c3 Rc4 24. Rde1 Qc8 25. Qf3 f5 26. Re3 Kh8 27. Qh5 Qe8 28. Qxe8 Rxe8 29. Rxf5 Nc5 30. Nd2 Rg4 31. h3 Rg6 32. b4 Na4 33. Ne4 Nb2 34. Ref3 Reg8 35. Rf8 Nc4 36. Rxg8+ Kxg8 37. Rf6 Rxf6 38. Nxf6+ Kg7 39. Ne4 Kg6 40. g4 h5 41. Kg2 hxg4 42. hxg4 b5 43. Kf3 a5 44. bxa5 Nxa5 45. Nxd6 Kf6 46. Nxb5 Nc4 47. a4 Kg5 48. d6 Kf6 49. g5+ Ke6 50. g6 e4+ 51. Kxe4 Kf6 52. d7 Ke7 53. g7 Nd6+ 54. Nxd6 Kf6 55. d8=Q+ Ke6 56. Qe8+ Kf6 57. Qe5+ Kg6 58. g8=Q+ Kh6 59. Qeg5# 1-0


[Site "https://www.chess.com"]

[Event "Titled Tuesday Blitz April 11 Late 2023"]
[White "Prydun, Andriy"]
[Black "Melkumyan, Hrant"]
[WhiteFideId "14145898"]
[BlackFideId "13302485"]
[WhiteElo "2164"]
[BlackElo "2604"]
[Result "0-1"]
[Round "01"]
[TimeControl "180+2"]
[Date "2023.04.11"]
[WhiteClock "0:00:02"]
[BlackClock "0:00:06"]

1. e4 c6 2. d4 d5 3. e5 Bf5 4. Bd3 Bxd3 5. cxd3 e6 6. Nc3 Ne7 7. Nf3 h5 8. h4 Nf5 9. g3 Be7 10. Kf1 Nd7 11. Kg2 Qb6 12. Ne2 c5 13. Rb1 cxd4 14. b4 Rc8 15. Bb2 Nb8 16. Nexd4 Nxd4 17. Bxd4 Qc7 18. Qa4+ Qd7 19. b5 a6 20. Rb2 O-O 21. Rhb1 Rc7 22. Qd1 axb5 23. Nh2 Nc6 24. Bb6 Nxe5 25. Qxh5 Nxd3 26. Rd2 Rc3 27. Ng4 Qc6 28. Bd4 Ra3 29. Rb3 Rxb3 30. axb3 Nc5 31. Nh6+ gxh6 32. Qg4+ Bg5 33. hxg5 Kh7 34. Rc2 b6 35. Rc1 e5 36. Bxe5 d4+ 37. f3 Qe6 38. Qf4 Re8 39. Rh1 Nd3 40. Rxh6+ Qxh6 41. gxh6 Nxf4+ 42. gxf4 d3 43. Kf2 f6 44. Bc3 Re2+ 45. Kf1 Rc2 46. Bb4 Rc1+ 47. Kf2 Rb1 48. Ke3 Rxb3 49. Be7 b4 50. Bxf6 Ra3 51. Bd4 b5 52. f5 d2+ 53. Kxd2 Rxf3 54. Bc5 b3 55. Ba3 Kxh6 56. Kc1 Kg5 57. Kb2 Kxf5 58. Bb4 Ke4 59. Bc3 Kd5 60. Kxb3 Kc5 61. Kb2 Kc4 62. Bg7 Rf2+ 63. Kb1 Kb3 0-1


[Site "https://www.chess.com"]

[Event "Titled Tuesday Blitz April 11 Late 2023"]
[White "Gonzalez, Francisco Silva"]
[Black "Keymer, Vincent"]
[WhiteFideId "1512285"]
[BlackFideId "12940690"]
[WhiteElo "2074"]
[BlackElo "2651"]
[Result "0-1"]
[Round "01"]
[TimeControl "180+2"]
[Date "2023.04.11"]
[WhiteClock "0:00:00"]
[BlackClock "0:00:00"]

1. d4 Nf6 2. c3 d5 3. Bf4 e6 4. e3 Bd6 5. Nf3 O-O 6. Nbd2 c5 7. Bd3 Bxf4 8. exf4 b6 9. O-O Ba6 10. Bxa6 Nxa6 11. Qe2 Nb8 12. a4 Nc6 13. Qd3 Qc7 14. g3 Rac8 15. Kg2 h6 16. Rfe1 Rfd8 17. h3 cxd4 18. Nxd4 Nxd4 19. Qxd4 Ne8 20. Nf3 Nd6 21. Re2 Qb7 22. Kh2 Nf5 23. Qd3 Qc7 24. Ne5 d4 25. cxd4 Nxd4 26. a5 Nxe2 27. Qxe2 Qc2 28. Qe1 Qxb2 29. axb6 axb6 30. Rb1 Qd2 31. Qf1 Rc2 32. Kg1 Rdc8 33. Nf3 Qd5 34. Ne5 Qa2 35. Kg2 Rxf2+ 36. Qxf2 Qxb1 37. Qe3 Rc2+ 38. Kf3 Qd1+ 39. Qe2 Qxe2# 0-1


[Site "https://www.chess.com"]

[Event "Titled Tuesday Blitz April 11 Late 2023"]
[White "Samsonkin, Artiom"]
[Black "Wu, Brandon"]
[WhiteFideId "13503111"]
[BlackFideId "30909228"]
[WhiteElo "2524"]
[BlackElo "2123"]
[Result "1-0"]
[Round "01"]
[TimeControl "180+2"]
[Date "2023.04.11"]
[WhiteClock "0:00:00"]
[BlackClock "0:00:00"]

1. e4 c6 2. d4 d5 3. exd5 cxd5 4. Bd3 Nc6 5. c3 Nf6 6. h3 g6 7. Nf3 Bg7 8. O-O O-O 9. Bf4 Bf5 10. Be2 Ne4 11. Nbd2 Nxd2 12. Qxd2 Re8 13. Rfe1 f6 14. Rad1 Be4 15. Nh2 e5 16. dxe5 fxe5 17. Bg5 Qb6 18. Ng4 Rf8 19. Be3 d4 20. cxd4 exd4 21. Bc4+ Kh8 22. Bh6 Rae8 23. Bxg7+ Kxg7 24. Qh6+ Kh8 25. Rxe4 Na5 26. Rxe8 Rxe8 27. Bf7 Rc8 28. b3 Qc7 29. Be6 Re8 30. Nf6 Rd8 31. Rxd4 1-0


[Site "https://www.chess.com"]

[Event "Titled Tuesday Blitz April 11 Late 2023"]
[White "Bochnicka, Vladimir"]
[Black "Rustemov, Alexander"]
[WhiteFideId "14943450"]
[BlackFideId "4119002"]
[WhiteElo "2094"]
[BlackElo "2525"]
[Result "0-1"]
[Round "01"]
[TimeControl "180+2"]
[Date "2023.04.11"]
[WhiteClock "0:00:00"]
[BlackClock "0:00:00"]

1. e4 e6 2. d4 d5 3. exd5 exd5 4. c4 Bb4+ 5. Nc3 Nf6 6. Bd3 O-O 7. Ne2 dxc4 8. Bxc4 Nc6 9. O-O h6 10. h3 Bd6 11. Re1 a6 12. Bb3 Bf5 13. Be3 Qd7 14. Qd2 Rfe8 15. Rad1 Rad8 16. Bxh6 gxh6 17. Qxh6 Nh7 18. Nd5 Bf8 19. Qh4 Bg7 20. Ng3 Be6 21. Bc2 Qxd5 22. Qxh7+ Kf8 23. Nh5 Qg5 24. Re3 Qh6 25. Qxh6 Bxh6 26. Nf6 Bxe3 27. fxe3 Nb4 28. Be4 Re7 29. a3 Nd5 30. Ng4 Bxg4 0-1


[Site "https://www.chess.com"]

[Event "Titled Tuesday Blitz April 11 Late 2023"]
[White "Novik, Maxim"]
[Black "Hansen, Eric"]
[WhiteFideId "4102924"]
[BlackFideId "2606771"]
[WhiteElo "2287"]
[BlackElo "2561"]
[Result "0-1"]
[Round "01"]
[TimeControl "180+2"]
[Date "2023.04.11"]
[WhiteClock "0:00:00"]
[BlackClock "0:00:00"]

1. c4 e5 2. Nc3 Nc6 3. g3 Bb4 4. Bg2 Bxc3 5. bxc3 d6 6. Nf3 Nge7 7. O-O O-O 8. Rb1 b6 9. d4 Bf5 10. Ra1 Be4 11. dxe5 dxe5 12. Ba3 Qe8 13. Bh3 Rd8 14. Qc1 f6 15. Nh4 Qf7 16. f3 Bg6 17. Nxg6 hxg6 18. c5 Qc4 19. cxb6 axb6 20. Qc2 Kh7 21. Rfe1 Rfe8 22. Qb3 Na5 23. Qb4 Nd5 24. Qxc4 Nxc4 25. Bc1 Nxc3 26. Bf1 Nd2 27. Bxd2 Rxd2 28. Rac1 Nb5 29. a4 Nd4 30. Rxc7 Ra8 31. Rb7 Rb2 32. Rc1 Nxe2+ 33. Bxe2 Rxe2 34. Rcc7 Rxa4 35. Rxg7+ Kh6 36. Rh7+ Kg5 37. h4+ Kf5 38. Kf1 Rb2 39. g4+ Kf4 0-1


[Site "https://www.chess.com"]

[Event "Titled Tuesday Blitz April 11 Late 2023"]
[White "Gharibyan, Mamikon"]
[Black "Jumanov, Elbek"]
[WhiteFideId "13308300"]
[BlackFideId "14202905"]
[WhiteElo "2445"]
[BlackElo "2055"]
[Result "1-0"]
[Round "01"]
[TimeControl "180+2"]
[Date "2023.04.11"]
[WhiteClock "0:00:10"]
[BlackClock "0:00:02"]

1. d4 Nf6 2. c4 c5 3. d5 b5 4. cxb5 a6 5. e3 axb5 6. Bxb5 g6 7. Nc3 Bg7 8. a4 O-O 9. Nf3 Ba6 10. Ra3 d6 11. O-O Ne8 12. e4 Nc7 13. Qe2 Bxb5 14. Nxb5 Nd7 15. Bg5 Nb6 16. a5 Nxb5 17. Qxb5 Nd7 18. a6 h6 19. Bh4 g5 20. Bg3 Qc7 21. Rb1 Rfb8 22. Qe2 Rb6 23. h4 g4 24. Nd2 h5 25. Nc4 Rbxa6 26. Rxa6 Rxa6 27. Ne3 Ra2 28. Nf5 Bf6 29. Qc4 Qa5 30. Qc1 Nf8 31. Kh2 Ng6 32. Qh6 Ra1 33. Rxa1 Qxa1 34. Qxh5 Qxb2 35. Nh6+ Kg7 36. Nf5+ Kg8 37. Qxg4 Kh7 38. Qh5+ Kg8 39. Nh6+ Kg7 40. Nf5+ Kg8 41. Qg4 Kh7 42. Ne3 Qd4 43. Qf5 Kg8 44. h5 Ne5 45. Qc8+ Kh7 46. Qf5+ Kg8 47. h6 Ng6 48. Kh3 Kh7 49. Qg4 c4 50. e5 Qxg4+ 51. Kxg4 Nxe5+ 52. Bxe5 Bxe5 53. Nxc4 Bd4 54. f4 Kxh6 55. Kf5 Kg7 56. g4 Bf6 57. g5 Bd4 58. Nd2 Be3 59. Ne4 Bd4 60. Ng3 Be3 61. Ke4 Bd2 62. Nf5+ Kf8 63. Nd4 Bc3 64. Nf3 Bb2 65. f5 Bc3 66. Kf4 Kg7 67. Kg4 Kf8 68. Kh5 Kg7 69. Nh4 Bb2 70. Ng2 f6 71. g6 Bc1 72. Nh4 Bg5 73. Nf3 Bf4 74. Nd4 Be5 75. Ne6+ Kg8 76. g7 Bc3 77. Kg6 Bd2 78. Nd8 Bb4 79. Nf7 Bd2 80. Nd8 Bf4 81. Nc6 Be5 82. Nxe7# 1-0


[Site "https://www.chess.com"]

[Event "Titled Tuesday Blitz April 11 Late 2023"]
[White "Holt, Conrad"]
[Black "Melikhov, Evgeny V."]
[WhiteFideId "2034387"]
[BlackFideId "4122046"]
[WhiteElo "2592"]
[BlackElo "2158"]
[Result "1-0"]
[Round "01"]
[TimeControl "180+2"]
[Date "2023.04.11"]
[WhiteClock "0:00:00"]
[BlackClock "0:00:00"]

1. d4 Nf6 2. c4 e6 3. Nc3 Bb4 4. Qc2 c5 5. dxc5 Na6 6. a3 Bxc3+ 7. Qxc3 Nxc5 8. b4 Nce4 9. Qb2 d5 10. c5 h6 11. Bf4 O-O 12. f3 Ng5 13. h4 Ngh7 14. g4 Nd7 15. Rd1 Re8 16. g5 e5 17. gxh6 d4 18. Bc1 Qf6 19. Nh3 Qxh4+ 20. Nf2 Qg3 21. hxg7 Ndf6 22. Rd3 Bf5 23. e4 dxe3 24. Rxe3 Rad8 25. Be2 Nd5 26. Kf1 Nxe3+ 27. Bxe3 Nf6 28. Rg1 Qh4 29. Bg5 Qd4 30. Qxd4 exd4 31. Bxf6 d3 32. Bd1 d2 33. Kg2 Rd5 34. Rh1 Bh7 35. Bc2 1-0


[Site "https://www.chess.com"]

[Event "Titled Tuesday Blitz April 11 Late 2023"]
[White "Minko, Dmitry"]
[Black "Mendonca, Leon Luke"]
[WhiteFideId "24188468"]
[BlackFideId "35028561"]
[WhiteElo "2147"]
[BlackElo "2464"]
[Result "0-1"]
[Round "01"]
[TimeControl "180+2"]
[Date "2023.04.11"]
[WhiteClock "0:00:00"]
[BlackClock "0:00:00"]

1. e4 c5 2. Nf3 e6 3. d4 cxd4 4. Nxd4 a6 5. Bd3 d6 6. c4 Nf6 7. Nc3 Be7 8. Be3 O-O 9. O-O Nc6 10. f3 Ne5 11. Be2 d5 12. cxd5 exd5 13. exd5 Re8 14. Qd2 Bb4 15. Nc2 Bxc3 16. bxc3 Qxd5 17. Rfd1 Qxd2 18. Rxd2 Bf5 19. Nd4 Bg6 20. Kf2 Rac8 21. Rc1 Rc7 22. Bf4 Rce7 23. Bf1 Nd5 24. Bg3 Ne3 25. c4 Nxf1 26. Kxf1 Nd3 27. Rcd1 Ne5 28. Rc1 f6 29. Nb3 h5 30. c5 Nc6 31. Bd6 Re6 32. Nd4 Nxd4 33. Rxd4 Re2 34. Rb4 Bd3 35. Kg1 Bb5 36. a4 Bc6 37. a5 Ra2 38. Rcb1 Ree2 39. Rxb7 Rxg2+ 40. Kh1 Bxb7 41. Rxb7 Rgc2 42. Rb8+ Kf7 43. Rb1 Rxa5 44. Kg1 Rb5 45. Re1 a5 46. Ra1 a4 0-1


[Site "https://www.chess.com"]

[Event "Titled Tuesday Blitz April 11 Late 2023"]
[White "Kovalev, Vladislav"]
[Black "Bouget, Alexandre"]
[WhiteFideId "13504398"]
[BlackFideId "681318"]
[WhiteElo "2555"]
[BlackElo "2182"]
[Result "1/2-1/2"]
[Round "01"]
[TimeControl "180+2"]
[Date "2023.04.11"]
[WhiteClock "0:00:00"]
[BlackClock "0:00:00"]

1. e4 e5 2. Nf3 Nc6 3. Bb5 a6 4. Ba4 Nf6 5. O-O Be7 6. Bxc6 dxc6 7. Re1 Bc5 8. d3 Bg4 9. h3 Bh5 10. Nbd2 Qe7 11. Nf1 O-O-O 12. Ng3 Bg6 13. Qe2 Nh5 14. Nxh5 Bxh5 15. Be3 f6 16. g4 Bf7 17. Nh4 g6 18. Bxc5 Qxc5 19. Rac1 Qe7 20. Ng2 h5 21. Qf3 hxg4 22. hxg4 Kb8 23. Ne3 Rh4 24. Kg2 Rdh8 25. Rh1 Be6 26. Rxh4 Rxh4 27. Rh1 Rxh1 28. Kxh1 Qh7+ 29. Kg2 Qh4 30. a3 Qg5 31. Qg3 b5 32. Kf3 Kb7 33. Ke2 Kb6 34. f3 Qh6 35. Qg2 c5 36. c3 c6 37. Kf2 Qh4+ 38. Ke2 Qh6 39. Kf2 Qh4+ 40. Ke2 Qh6 1/2-1/2


[Site "https://www.chess.com"]

[Event "Titled Tuesday Blitz April 11 Late 2023"]
[White "Urazayev, Arystanbek"]
[Black "Baches Garcia, Guillermo"]
[WhiteFideId "13709810"]
[BlackFideId "2209764"]
[WhiteElo "2449"]
[BlackElo "2334"]
[Result "1-0"]
[Round "01"]
[TimeControl "180+2"]
[Date "2023.04.11"]
[WhiteClock "0:00:00"]
[BlackClock "0:00:00"]

1. c4 e6 2. Nf3 d5 3. g3 Nf6 4. Bg2 Be7 5. O-O O-O 6. b3 b6 7. Bb2 Bb7 8. cxd5 exd5 9. d4 Ne4 10. Nbd2 Nd7 11. Rc1 c5 12. dxc5 bxc5 13. Nxe4 dxe4 14. Nd2 f5 15. Nc4 Nb6 16. Na5 Bd5 17. Qc2 Qe8 18. Rfd1 Qf7 19. Be5 e3 20. f3 Rae8 21. Qc3 Bg5 22. f4 Bxg2 23. Kxg2 Be7 24. Nc6 Qe6 25. Nxe7+ Rxe7 26. Qxc5 Rc8 27. Qxe3 Rxc1 28. Rxc1 Nd5 29. Qc5 Nf6 30. Qc8+ Qxc8 31. Rxc8+ Kf7 32. Bxf6 Rxe2+ 33. Kf3 Rxa2 34. Be5 Rxh2 35. Rc7+ Kg6 36. Rxg7+ Kh5 37. Rxh7+ 1-0


[Site "https://www.chess.com"]

[Event "Titled Tuesday Blitz April 11 Late 2023"]
[White "Jimenez Jimenez, Leandro"]
[Black "Lobanov, Sergei"]
[WhiteFideId "6415253"]
[BlackFideId "24183750"]
[WhiteElo "2263"]
[BlackElo "2489"]
[Result "1/2-1/2"]
[Round "01"]
[TimeControl "180+2"]
[Date "2023.04.11"]
[WhiteClock "0:00:00"]
[BlackClock "0:00:00"]

1. d4 Nf6 2. c4 e6 3. Nf3 d5 4. g3 Be7 5. Bg2 O-O 6. O-O dxc4 7. Qc2 a6 8. a4 Nc6 9. Qxc4 Qd5 10. Qd3 Rd8 11. Nc3 Qh5 12. Qc4 Nd5 13. Ne4 Ndb4 14. Bf4 Qd5 15. Qxd5 exd5 16. Nc5 Bd6 17. Bxd6 Rxd6 18. Rac1 Na5 19. Ne5 c6 20. Rfd1 Bf5 21. f3 f6 22. Ned3 Nxd3 23. Nxd3 Nb3 24. Rc3 Nxd4 25. Kf2 Re8 26. e3 Ne6 27. a5 d4 28. exd4 Rxd4 29. Bf1 Ng5 30. Rcc1 Red8 31. Ke3 Nxf3 32. Kxf3 Bxd3 33. Ke3 Re4+ 34. Kf3 Red4 35. Ke3 Re4+ 36. Kf3 Red4 1/2-1/2


[Site "https://www.chess.com"]

[Event "Titled Tuesday Blitz April 11 Late 2023"]
[White "Mekhitarian, Krikor Sevag"]
[Black "Mazurkiewicz, Michal"]
[WhiteFideId "2107660"]
[BlackFideId "1124943"]
[WhiteElo "2604"]
[BlackElo "2054"]
[Result "1-0"]
[Round "01"]
[TimeControl "180+2"]
[Date "2023.04.11"]
[WhiteClock "0:00:00"]
[BlackClock "0:00:00"]

1. Nf3 Nf6 2. c4 g6 3. Nc3 Bg7 4. e4 d6 5. d4 O-O 6. h3 c5 7. d5 e6 8. Bd3 exd5 9. exd5 Re8+ 10. Be3 Nbd7 11. O-O Ne5 12. Nxe5 Rxe5 13. Bf4 Re8 14. Bh2 a6 15. Re1 Rxe1+ 16. Qxe1 Ne8 17. Qe2 Bd7 18. Re1 Kf8 19. a4 Bxc3 20. bxc3 Bxa4 21. Qe3 Qf6 22. Bf4 Bd7 23. Bg5 Qxc3 24. Qe7+ Kg8 25. Re3 Ba4 26. Bxg6 Qa1+ 27. Re1 Qg7 28. Bf5 f6 29. Bf4 Qxe7 30. Rxe7 Bb3 31. Be6+ Kh8 32. Bh6 Bxc4 33. Rf7 1-0


[Site "https://www.chess.com"]